 Dungeon Crawl Stone Soup version 0.31-a0-460-g9e667d4245 (webtiles) character file.

Game seed: 5003200537887869476

270 promet the Trooper (level 6, -13/63 HPs)
             Began as an Ogre Wanderer on Aug 4, 2023.
             Mangled by Crazy Yiuf
             ... wielding a +4 quarterstaff of chaos
              (18 damage)
             ... on level 2 of the Dungeon.
             The game lasted 00:09:26 (4074 turns).

promet the Trooper (Ogre Wanderer)                  Turns: 4074, Time: 00:09:26

Health: -13/63     AC:  3    Str: 19    XL:     6   Next: 22%
Magic:  5/9        EV:  9    Int: 14    God:
Gold:   104        SH:  0    Dex:  7    Spells: 7/9 levels left

rFire   . . .        a - +0 scythe
rCold   . . .        (shield currently unavailable)
rNeg    . . .        c - +0 robe
rPois   .            (helmet restricted)
rElec   .            (no cloak)
rCorr   .            (gloves unavailable)
SInv    .            (boots unavailable)
Will    .....        (no amulet)
Stlth   +            (no ring)
HPRegen 0.30/turn    (no ring)
MPRegen 0.11/turn

%: no passive effects
@: lethally poisoned (-13 -> -17)
A: large, unfitting armour, tough skin 1
a: no special abilities


You were on level 2 of the Dungeon.
You visited 1 branch of the dungeon, and saw 2 of its levels.

You collected 104 gold pieces.

Inventory:

Hand Weapons
 a - a +0 scythe (weapon)
 h - a +3 short sword
Missiles
 d - 18 stones
Armour
 c - a +0 robe (worn)
Jewellery
 i - a ring of ice
Scrolls
 b - a scroll of vulnerability
Potions
 g - a potion of mutation {unknown}


   Skills:
 * Level 4.4 Fighting
 + Level 1.9 Short Blades
 + Level 1.0 Maces & Flails
 + Level 0.2 Polearms
 + Level 2.3 Dodging
 + Level 1.4 Stealth
 + Level 2.2 Spellcasting
 + Level 1.0 Hexes
 + Level 4.4 Summonings


You had 7 spell levels left.
You knew the following spells:

 Your Spells              Type           Power      Damage    Failure   Level
a - Call Imp              Summ           26%        N/A       6%          2

Your spell library contained the following spells:

 Spells                   Type           Power      Damage    Failure   Level
 Summon Small Mammal      Summ           52%        N/A       3%          1
 Call Canine Familiar     Summ           13%        N/A       12%         3
 Slow                     Hex            16%        N/A       16%         1
 Magic Dart               Conj           4%         1d3       24%         1
 Portal Projectile        Hex/Tloc       4%         N/A       50%         3
 Mephitic Cloud           Conj/Pois/Air  1%         N/A       56%         3
 Ozocubu's Armour         Ice            1%         N/A       56%         3
 Animate Armour           Summ/Erth      14%        N/A       67%         4
 Metabolic Englaciation   Hex/Ice        1%         N/A       99%         5
 Simulacrum               Ice/Necr       0%         N/A       100%        6


Dungeon Overview and Level Annotations

Branches:
Dungeon (2/15)

Altars:

Annotations:
D:2 Crazy Yiuf


Innate Abilities, Weirdness & Mutations

You are too large for most types of armour.
You have tough skin. (AC +1)


Message History

You reach to attack!
You slash Crazy Yiuf!
Crazy Yiuf is severely wounded.
It was a potion of magic.
Magic courses through your body. Crazy Yiuf barely misses you.
You barely miss Crazy Yiuf.
Crazy Yiuf is severely wounded.
Crazy Yiuf yells, "Cholesterol Orb Guardian sing!"
Crazy Yiuf hits you with a +4 quarterstaff of chaos!
Crazy Yiuf freezes you.
Crazy Yiuf hits you with a +4 quarterstaff of chaos!
You barely miss Crazy Yiuf.
Crazy Yiuf is heavily wounded.
Crazy Yiuf screams, "Seed shoe fast!"
Crazy Yiuf barely misses you.
You closely miss Crazy Yiuf.
Crazy Yiuf is heavily wounded.
Crazy Yiuf screams, "Cod green seventy!"
Crazy Yiuf hits you with a +4 quarterstaff of chaos!
You feel your power leaking away.
Crazy Yiuf hits you with a +4 quarterstaff of chaos.
You are poisoned.
You feel much better.
You feel very sick.
Crazy Yiuf hits you with a +4 quarterstaff of chaos!
Crazy Yiuf burns you.
You closely miss Crazy Yiuf.
Crazy Yiuf is heavily wounded.
You feel very sick.
Crazy Yiuf hits you with a +4 quarterstaff of chaos!
* * * LOW HITPOINT WARNING * * *
Crazy Yiuf draws strength from your wounds!
You hit Crazy Yiuf.
Crazy Yiuf is lightly wounded.
You feel sick.
Crazy Yiuf hits you with a +4 quarterstaff of chaos.
* * * LOW HITPOINT WARNING * * *
Crazy Yiuf burns you.
* * * LOW HITPOINT WARNING * * *
Crazy Yiuf hits you with a +4 quarterstaff of chaos!!
You die...

##.....## #.###
#.##.#.# #.......##
#.#.## #......#
.........# #....#
###...### .........#
###### #........
.........# ###...###
#.......## ##..#
##.....## ###
########.#
......#### #)..###
##..#.....#
##.#'##..#
#...g@####PP....####
#.#.#.###
#...##..#.......#
##.#..#### ###
###.#...##.#
.........#
########.# ##
.#.....### #.# #.
.......# ###
#.#####.
.##....###.#
#.......
####.#.....#
#######. #########
#.


You could see Crazy Yiuf.

Vanquished Creatures
  Jessica (D:2)
  Terence (D:2)
  An adder (D:2)
  A worm (D:2)
  3 dart slugs
  3 endoplasms
  6 giant cockroaches
  6 goblins
  5 hobgoblins
  2 quokkas (D:1)
  2 ball pythons (D:2)
  2 bats
  4 frilled lizards
  4 kobolds
  5 rats
46 creatures vanquished.

Vanquished Creatures (collateral kills)
  Sigmund (D:2)
  A goblin (D:1)
  A kobold (D:1)
  A frilled lizard (D:2)
4 creatures vanquished.

Grand Total: 50 creatures vanquished

Notes
Turn   | Place    | Note
-------+----------+-------------------------------------------
     0 | D:1      | promet the Ogre Wanderer began the quest for the Orb.
     0 | D:1      | promet set off with the following items: a +0 club, a
                  | scroll of vulnerability, a +0 robe; and the following
                  | spells available to memorise: Summon Small Mammal, Slow,
                  | Call Canine Familiar, Portal Projectile, Animate Armour.
     0 | D:1      | Reached XP level 1. HP: 22/22 MP: 2/2
   263 | D:1      | Reached XP level 2. HP: 29/31 MP: 3/3
  1404 | D:1      | Reached XP level 3. HP: 37/37 MP: 4/4
  1423 | D:1      | Learned a level 2 spell: Call Imp
  1974 | D:2      | Reached skill level 1 in Maces & Flails
  2794 | D:2      | Found a faded altar of an unknown god.
  2799 | D:2      | Reached XP level 4. HP: 44/45 MP: 4/6
  2900 | D:2      | Noticed Jessica
  2902 | D:2      | Noticed Sigmund
  2958 | D:2      | Killed Sigmund
  2959 | D:2      | Reached skill level 1 in Short Blades
  2959 | D:2      | Reached XP level 5. HP: 45/54 MP: 2/8
  3041 | D:2      | Killed Jessica
  3042 | D:2      | Reached XP level 6. HP: 50/63 MP: 6/9
  3337 | D:2      | Noticed Terence
  3352 | D:2      | Killed Terence
  4062 | D:2      | Found a runed translucent door.
  4063 | D:2      | Noticed Crazy Yiuf
  4074 | D:2      | Mangled by Crazy Yiuf

Illustrated notes

Levels and vault maps discovered:
D:1:      minmay_arrival_solitary_statue, layout_loops_cross
D:2:      layout_loops_corners, ebering_ecumenical_altar_sacrificial,
          uniq_jessica, uniq_crazy_yiuf_cottage, uniq_sigmund, uniq_terence

Skill      XL: |  1  2  3  4 |
---------------+-------------+-----
Fighting       | 3 4 |  4.4
Summonings     | 4 |  4.4
Maces & Flails | 1 |  1.0
Short Blades   | 1 |  1.9
Dodging        | 2 |  2.3
Spellcasting   | 2 |  2.2
Polearms       | |  0.2
Stealth        | |  1.4
Hexes          | |  1.0

Action                     |  1- 3 |  4- 6 || total
---------------------------+-------+-------++-------
  Melee: Club              |   119 |       ||   119
         Short sword       |    71 |    12 ||    83
         Halberd           |       |    27 ||    27
   Cast: Call Imp          |     4 |     6 ||    10
    Use: Potion            |     1 |     2 ||     3
         Scroll            |     1 |       ||     1
   Stab: Sleeping          |     1 |       ||     1
 Armour: Robe              |    65 |     5 ||    70
  Dodge: Dodged            |   100 |    14 ||   114

Table legend: (Time is in decaauts)
 A = Elapsed time spent in this place.
 B = Non-inter-level travel time spent in this place.
 C = Inter-level travel time spent in this place.
 D = Time resting spent in this place.
 E = Time spent auto-exploring this place.
 F = Levels seen in this place.
 G = Mean time per level.
                   A        B        C        D        E       F      G
               +--------+--------+--------+--------+--------+-----+--------+
         Total |   4119 |   4082 |     37 |   2195 |   1110 |   2 | 2059.5 |
       Dungeon |   4119 |   4082 |     37 |   2195 |   1110 |   2 | 2059.5 |
               +--------+--------+--------+--------+--------+-----+--------+

Top non-repeatable levels by time:
     D:2: 2166 daAuts
     D:1: 1952 daAuts
